 Dungeon Crawl Stone Soup version 0.31.0 (webtiles) character file.

Game seed: 5713869054538115433

104 qw the Shooter (level 4, -1/28 HPs)
             Began as a Gargoyle Hunter on Jan 20, 2024.
             Slain by a gnoll
             ... wielding a +0 flail
              (8 damage)
             ... on level 3 of the Dungeon.
             The game lasted 00:00:05 (1279 turns).

qw the Shooter (Gargoyle Hunter)                    Turns: 1279, Time: 00:00:06

Health: -1/28      AC:  8    Str: 15    XL:     4   Next: 80%
Magic:  4/4        EV: 11    Int:  9    God:
Gold:   121        SH:  0    Dex: 15    Spells: 3/3 levels left

rFire   . . .        a - +0 shortbow
rCold   . . .        (shield currently unavailable)
rNeg    + . .        e - +0 ring mail
rPois   inf          (no helmet)
rElec   +            (no cloak)
rCorr   .            (no gloves)
SInv    .            (no boots)
Will    .....        (no amulet)
Stlth   +            (no ring)
HPRegen 0.24/turn    (no ring)
MPRegen 0.09/turn

%: no passive effects
@: about to teleport
A: sickness immunity, AC +3, negative energy resistance 1, electricity
resistance, torment resistance 1, petrification resistance
a: no special abilities


You were on level 3 of the Dungeon.
You visited 1 branch of the dungeon, and saw 3 of its levels.

You collected 121 gold pieces.


Innate Abilities, Weirdness & Mutations

You are immune to sickness and miasma.
Your stone body is resilient. (AC +3)
You are immune to poison.
You resist negative energy. (rN+)
You are resistant to electric shocks. (rElec)
You are resistant to unholy torment.
You are immune to petrification.


   Skills:
 - Level 3.5 Fighting
 + Level 5.2 Ranged Weapons
 - Level 1.1 Armour
 - Level 1.5 Dodging
 - Level 1.1 Stealth


You had 3 spell levels left.
You didn't know any spells.
Your spell library was empty.

Inventory:

Hand Weapons
 a - a +0 shortbow (weapon)
Armour
 e - a +0 ring mail (worn)
Jewellery
 d - a ring of fire
Scrolls
 c - a scroll of identify
 f - a scroll of enchant armour

Dungeon Overview and Level Annotations

Branches:
Dungeon (3/15)

Altars:
Hepliaklqana

Shops:
D:1 :


Message History

1265 ||| RETREEEEATING.
The gnoll attacks as it pursues you! The gnoll closely misses you.
1266 ||| RETREEEEATING.
The gnoll attacks as it pursues you! The gnoll hits you but does no damage.
1267 ||| RETREEEEATING.
You shoot an arrow. The arrow closely misses the gnoll. x2
The gnoll hits you but does no damage.
You shoot an arrow. The arrow hits the gnoll.
The gnoll is moderately wounded.
The gnoll barely misses you. The gnoll completely misses you.
You shoot an arrow. The arrow hits the gnoll.
The gnoll is heavily wounded.
The gnoll completely misses you.
You shoot an arrow. The arrow hits the gnoll!
You kill the gnoll!
The gnoll hits you with a +0 flail.
You shoot an arrow. The arrow barely misses the gnoll. x2
The gnoll completely misses you.
You shoot an arrow. The arrow barely misses the gnoll.
The arrow hits the gnoll!
The gnoll is severely wounded.
The gnoll barely misses you.
You shoot an arrow. The arrow barely misses the gnoll. x2
The gnoll hits you with a +0 flail.
You shoot an arrow. The arrow hits the gnoll.
The gnoll is moderately wounded.
The gnoll hits you with a +0 flail! The gnoll closely misses you.
You shoot an arrow. The arrow hits the gnoll.
The gnoll is heavily wounded.
The gnoll closely misses you.
You shoot an arrow. The arrow barely misses the gnoll.
The arrow hits the gnoll.
You kill the gnoll!
The gnoll hits you with a +0 flail.
1278 ||| READING scroll of teleportation.
As you read the scroll of teleportation, it crumbles to dust.
You feel strangely unstable. The gnoll closely misses you.
You shoot an arrow. The arrow hits the gnoll.
The gnoll is heavily wounded.
The gnoll hits you with a +0 flail!
You die...

.##### ##..>.....?
......###..#...g...
#.....#...#....
##### ##..g...#.#
...
.....##..######.# .
#....## .# #...g#
.## #..#g# .#
....##@######.#
##### #....##..##
####.#....#
#......# ##.....#
#.....# ##....#
#.<..# #....#


You could see 2 gnolls.

Vanquished Creatures
  An iguana (D:2)
  2 gnolls (D:3)
  2 adders (D:2)
  A ribbon worm (D:2)
  2 dart slugs
  3 endoplasms (D:1)
  2 giant cockroaches (D:1)
  3 goblins (D:1)
  5 hobgoblins
  2 quokkas (D:1)
  4 ball pythons
  4 frilled lizards
  A kobold (D:1)
  3 rats
35 creatures vanquished.

Notes
Turn   | Place    | Note
-------+----------+-------------------------------------------
     0 | D:1      | qw the Gargoyle Hunter began the quest for the Orb.
     0 | D:1      | Reached XP level 1. HP: 12/12 MP: 1/1
     0 | D:1      | 0 ||| qw: Version: 0.3-a-132-g3d54051
     0 | D:1      | 0 ||| qw: Game counter: 487
     0 | D:1      | 0 ||| qw: Melee chars always use a shield: true
     0 | D:1      | 0 ||| qw: God list: Okawaru
     0 | D:1      | 0 ||| qw: Allow faded altars: false
     0 | D:1      | 0 ||| qw: Do Orc after clearing Dungeon:15 true
     0 | D:1      | 0 ||| qw: Do second Lair branch before Depths: true
     0 | D:1      | 0 ||| qw: Lair rune preference: random
     0 | D:1      | 0 ||| qw: Goals: Normal
     0 | D:1      | 0 ||| PLANNING D:1-11
   180 | D:1      | Reached XP level 2. HP: 16/17 MP: 2/2
   333 | D:1      | Found Qexuff's Book Emporium.
   401 | D:1      | Reached XP level 3. HP: 21/21 MP: 3/3
   411 | D:1      | Reached skill level 5 in Ranged Weapons
   444 | D:1      | 444 ||| UPGRADING to +0 ring mail.
   454 | D:1      | 454 ||| DROPPING +0 leather armour.
   455 | D:1      | 455 ||| READING scroll labelled JEOWNUADDO.
   456 | D:1      | 456 ||| DROPPING scroll of butterflies.
   526 | D:2      | Found a hazy altar of Hepliaklqana.
   606 | D:2      | Reached skill level 1 in Armour
   617 | D:2      | 617 ||| FLEEEEING.
   618 | D:2      | 618 ||| FLEEEEING.
   619 | D:2      | 619 ||| FLEEEEING.
   763 | D:2      | 763 ||| FLEEEEING.
   922 | D:2      | Reached XP level 4. HP: 27/27 MP: 4/4
  1104 | D:2      | Reached skill level 3 in Fighting
  1104 | D:2      | 1104 ||| FLEEEEING.
  1196 | D:2      | 1196 ||| READING 3 scrolls of identify.
  1196 | D:2      | 1196 ||| IDENTIFYING sedimented inky potion
  1197 | D:2      | 1197 ||| READING 2 scrolls of identify.
  1197 | D:2      | 1197 ||| IDENTIFYING scroll labelled ZASECS BAEVO
  1198 | D:2      | 1198 ||| READING scroll of identify.
  1198 | D:2      | 1198 ||| IDENTIFYING scroll labelled QUOBRU ASYI
  1199 | D:2      | 1199 ||| DROPPING potion of lignification.
  1254 | D:3      | 1254 ||| RETREEEEATING.
  1256 | D:3      | 1256 ||| RETREEEEATING.
  1257 | D:3      | 1257 ||| RETREEEEATING.
  1261 | D:3      | 1261 ||| RETREEEEATING.
  1262 | D:3      | 1262 ||| RETREEEEATING.
  1263 | D:3      | 1263 ||| RETREEEEATING.
  1264 | D:3      | 1264 ||| RETREEEEATING.
  1265 | D:3      | 1265 ||| RETREEEEATING.
  1266 | D:3      | 1266 ||| RETREEEEATING.
  1267 | D:3      | 1267 ||| RETREEEEATING.
  1277 | D:3      | HP: 7/28 [gnoll/+0 flail (6)]
  1278 | D:3      | 1278 ||| READING scroll of teleportation.
  1279 | D:3      | Slain by a gnoll

Levels and vault maps discovered:
D:1:      pf_arrival_petrified_forest, layout_basic, serial_shops, shop
D:2:      layout_basic, basic_altar
D:3:      layout_rooms, grunt_gozag_statues

Skill      XL: |  1  2  3  4 |
---------------+-------------+-----
Ranged Weapons | 5 |  5.2
Armour         | 1 |  1.1
Fighting       | 3 |  3.5
Dodging        | |  1.5
Stealth        | |  1.1

Action                     |  1- 3 |  4- 6 || total
---------------------------+-------+-------++-------
   Fire: Shortbow          |   115 |    29 ||   144
    Use: Scroll            |     1 |     4 ||     5
 Armour: Leather armour    |    11 |       ||    11
         Ring mail         |    27 |    10 ||    37
  Dodge: Dodged            |    23 |    16 ||    39

Table legend:
 A = Non-vault XP
 B = Vault XP
 C = Vault XP percentage of total XP
 D = Non-vault monster count
 E = Vault monster count
 F = Vault count percentage of total count
                 A         B        C        D         E       F
            +---------+---------+-------+---------+---------+-------
      Total |     149 |       0 |   0.0 |      35 |       0 |   0.0
            +---------+---------+-------+---------+---------+-------
        D:1 |      41 |       0 |   0.0 |      23 |       0 |   0.0
        D:2 |      79 |       0 |   0.0 |       9 |       0 |   0.0
        D:3 |      29 |       0 |   0.0 |       3 |       0 |   0.0
            +---------+---------+-------+---------+---------+-------
